 Dungeon Crawl Stone Soup version 0.31-a0-986-g5e6e4ef867 (webtiles) character file.

Game seed: 13324282365079030301

4316 LeprechaunX the Mimic (level 10, -15/60 (62) HPs)
             Began as an Octopode Shapeshifter on Nov 20, 2023.
             Was a Follower of Hepliaklqana.
             Demolished by a hornet (16 damage)
             ... on level 8 of the Dungeon.
             The game lasted 00:12:06 (6416 turns).

LeprechaunX the Mimic (Octopode Shapeshifter)       Turns: 6416, Time: 00:12:07

HP:   -15/60 (62)   AC:  1    Str: 21    XL:     10   Next: 33%
MP:   10/10         EV: 13    Int: 14    God:    Hepliaklqana [*.....]
Gold: 608           SH:  0    Dex: 13    Spells: 9/9 levels left

rFire   . .          .
                       - Unarmed
rCold   . . .        (no shield)
rNeg    . . .        (helmet currently unavailable)
rPois   .            j - amulet of regeneration
rElec   .            l - +6 ring of strength
rCorr   .            (no ring)
SInv    .            (no ring)
Will    .....        (no ring)
Stlth   ++           (no ring)
HPRegen 1.10/turn    (no ring)
MPRegen 0.12/turn    (no ring)
                     (no ring)

%: no passive effects
@: lethally poisoned (-15 -> -15), beast-form, slowed, lightly drained, very
slow
A: beast (slay +4), reduced essence, almost no armour, amphibious, 8 rings,
camouflage 1, gelatinous body 1, (nimble swimmer 1), tentacles
a: Begin Untransformation, Renounce Religion, Recall Ancestor, Ancestor Identity


You were on level 8 of the Dungeon.
You worshipped Hepliaklqana.
Hepliaklqana was aware of your devotion.
You were a hulking beast.
You visited 2 branches of the dungeon, and saw 9 of its levels.
You also visited: Ossuary.

You collected 608 gold pieces.

Inventory:

Hand Weapons
 a - a +0 sling of freezing
Missiles
 r - 5 javelins
 J - 5 datura-tipped darts
Jewellery
 j - an amulet of regeneration (around mantle)
 l - a +6 ring of strength (left tentacle)
Talismans
 b - a beast talisman
 c - a flux talisman
Wands
 B - a wand of iceblast (10)
 E - a wand of flame (25)
 F - a wand of paralysis (7) (quivered)
 G - a wand of mindburst (14)
Scrolls
 d - a scroll of blinking {unknown}
 f - a scroll of teleportation {unknown}
 h - 15 scrolls of identify {unknown}
 n - a scroll of enchant weapon {unknown}
 o - a scroll of immolation {unknown}
 q - 3 scrolls of enchant armour {unknown}
 s - a scroll of noise {unknown}
 t - a scroll of revelation {unknown}
 y - a scroll of silence {unknown}
 D - a scroll of amnesia {unknown}
 H - 2 scrolls of fear {unknown}
Potions
 e - 3 potions of lignification
 g - 2 potions of degeneration {unknown}
 i - 3 potions of curing {unknown}
 k - 2 potions of resistance {unknown}
 m - 2 potions of attraction {unknown}
 p - 3 potions of heal wounds {unknown}
 u - a potion of cancellation {unknown}
 v - a potion of might {unknown}
 w - a potion of haste {unknown}
 x - 3 potions of magic {unknown}
 z - 3 potions of mutation {unknown}
 A - a potion of brilliance {unknown}
 C - a potion of enlightenment {unknown}
 I - a potion of ambrosia {unknown}


   Skills:
 + Level 6.7 Fighting
 - Level 3.0 Throwing
 - Level 2.0 Dodging
 + Level 7.3 Unarmed Combat
 + Level 5.4 Evocations
 * Level 9.3 Shapeshifting


You had 9 spell levels left.
You didn't know any spells.
Your spell library contained the following spells:

 Spells                   Type           Power      Damage    Failure   Level
 Sting                    Tmut/Pois      0%         1d3       28%         1
 Ensorcelled Hibernation  Hex/Ice        0%         N/A       41%         2
 Passwall                 Tmut/Erth      0%         N/A       41%         2
 Poisonous Vapours        Pois/Air       0%         N/A       41%         2
 Swiftness                Air            0%         N/A       65%         3
 Olgreb's Toxic Radiance  Pois           0%         N/A       96%         4
 Summon Forest            Summ/Tloc      0%         N/A       100%        5
 Eringya's Noxious Bog    Tmut/Pois      0%         4d6       100%        6
 Summon Hydra             Summ           0%         N/A       100%        7


Dungeon Overview and Level Annotations

Branches:
Dungeon (8/15)             Temple (1/1) D:5         Ossuary (visited)
   Lair: D:8-11

Altars:
Ashenzari
Cheibriados
Dithmenos
Elyvilon
Fedhas
Gozag
Hepliaklqana
Kikubaaqudgha
Makhleb
Nemelex Xobeh
Okawaru
Qazlal
Ru
Trog
Uskayaw
Vehumet
Wu Jian
Xom
Yredelemnul
Zin
The Shining One

Shops:
D:5 *


Innate Abilities, Weirdness & Mutations

You are a hulking beast.
Your limbs bulge with bestial killing power. (Slay +4)
Your life essence is reduced to manifest your ancestor. (-10% HP)
You cannot wear most types of armour.
You are amphibious.
You can wear up to eight rings at the same time.
Your skin changes colour to match your surroundings (Stealth+).
Your rubbery body absorbs attacks. (AC +1, EV +1)
((You are camouflaged when in or above water. (Stealth+)))
You have tentacles for arms and can constrict up to eight enemies at once.


Message History

You tentacle-slap the howler monkey.
The howler monkey is severely wounded.
You constrict the howler monkey.
The howler monkey hoots and howls with incredible vigour!
Rodica hits the howler monkey but does no damage.
The howler monkey hits you!
You hear a shout!
You hear an angry buzzing noise. x2
You bludgeon the howler monkey!
You kill the howler monkey!
Rodica hits the howler monkey.
You closely miss the howler monkey. Your grab misses the howler monkey.
Your tentacle-slap misses the howler monkey.
The howler monkey is lightly wounded.
The howler monkey misses you.
Rodica hits the howler monkey.
A yak comes into view.
You closely miss the howler monkey. You grab the howler monkey.
You tentacle-slap the howler monkey, but do no damage.
The howler monkey is moderately wounded.
You constrict the howler monkey. The howler monkey hits you.
Rodica hits the howler monkey!
You tentacle-slap the howler monkey.
You kill the howler monkey!
A hornet comes into view.
Rodica hits the yak.
There is an open door here.
Something gores Rodica!
The hornet stings you!
You are poisoned.
You suddenly lose the ability to move!
You feel sick. The hornet stings you!
You feel yourself slow down.
You feel sick. The hornet stings you!
* * * LOW HITPOINT WARNING * * *
You feel as though you will be slow longer.
A yak comes into view.
The hornet stings you!
* * * LOW HITPOINT WARNING * * *
You feel as though you will be slow longer.
You can move again.
You barely miss the hornet. You grab the hornet. You constrict the hornet.
You feel sick. The hornet stings you!
You die...

...... +.... .+ ......
#...# .#
..............#...##.####.
..............+...........
..............#...........
..............#...........
..............#...YY......
###+##........###'####'###
.....#..........hR..#
.....#.........y....#
.....#..............#
##'###).............#
#..))..#####+#......######
#.)....#.....######......#
#......'..........#......#
#......#..........#......#
#......#..........'......#


You could see the friendly Rodica the ancestor, 2 yaks and a hornet (ally
target).

Vanquished Creatures
  A cyclops (D:7)
  Joseph (D:7)
  Jeremiah (D:7)
  A hornet (D:6)
  Eustachio (D:6)
  A steam dragon (D:7)
  A water moccasin (D:7)
  3 sky beasts
  An orc warrior (D:7)
  2 black bears
  An ice beast (D:5)
  3 ogres
  2 kobold brigands (D:7)
  4 bullfrogs
  4 scorpions
  7 wights
  3 howler monkeys
  A gnoll bouda (D:5)
  A jelly (D:5)
  2 orc priests (D:7)
  2 sleepcaps
  2 iguanas
  4 orc wizards
  8 mummies (Ossuary)
  4 gnolls
  8 adders
  2 shadow imps
  5 white imps
  4 ufetubi
  A worm zombie (D:4)
  2 worms
  4 dart slugs
  19 orcs
  8 ball pythons
  10 endoplasms
  A giant cockroach (D:3)
  4 goblins
  3 hobgoblins
  11 kobolds
  5 quokkas
  3 bats
  2 frilled lizards
  3 hobgoblin zombies (Ossuary)
  5 orc zombies (Ossuary)
  10 rats
171 creatures vanquished.

Vanquished Creatures (collateral kills)
  A wight (D:8)
  An orc wizard (D:7)
  A kobold (D:7)
3 creatures vanquished.

Vanquished Creatures (others)
  2 ancestors (D:7)
2 creatures vanquished.

Grand Total: 176 creatures vanquished

Notes
Turn   | Place    | Note
-------+----------+-------------------------------------------
     0 | D:1      | LeprechaunX the Octopode Shapeshifter began the quest for
                  | the Orb.
     0 | D:1      | Reached XP level 1. HP: 13/13 MP: 1/1
   128 | D:1      | Reached XP level 2. HP: 7/18 MP: 2/2
   498 | D:1      | Reached XP level 3. HP: 21/23 MP: 3/3
   879 | D:2      | Reached XP level 4. HP: 21/29 MP: 4/4
  1153 | D:2      | Reached skill level 4 in Shapeshifting
  1398 | D:3      | Reached XP level 5. HP: 13/35 MP: 5/5
  1457 | D:3      | Noticed an ogre
  1469 | D:3      | Killed an ogre
  2008 | D:4      | Found a sand-covered staircase.
  2016 | D:4      | Reached XP level 6. HP: 41/41 MP: 6/6
  2023 | Ossuary  | Entered an ossuary
  2082 | Ossuary  | Reached skill level 5 in Shapeshifting
  2151 | Ossuary  | Reached skill level 1 in Throwing
  2601 | D:5      | Entered Level 5 of the Dungeon
  2605 | D:5      | Reached XP level 7. HP: 46/46 MP: 7/7
  2735 | D:5      | Found a staircase to the Ecumenical Temple.
  2974 | D:5      | Found Dyxouf's Assorted Antiques.
  3025 | D:5      | Reached skill level 6 in Shapeshifting
  3217 | D:5      | Reached skill level 5 in Unarmed Combat
  3217 | D:5      | Reached XP level 8. HP: 54/54 MP: 8/8
  3481 | D:6      | Reached skill level 1 in Evocations
  3582 | D:6      | Noticed Eustachio
  3619 | D:6      | Killed Eustachio
  3620 | D:6      | Reached skill level 7 in Shapeshifting
  3684 | D:6      | Reached skill level 5 in Fighting
  3687 | D:6      | Reached XP level 9. HP: 33/57 MP: 9/9
  3788 | D:6      | Found a snail-covered altar of Cheibriados.
  3990 | Temple   | Entered the Ecumenical Temple
  4024 | Temple   | Became a worshipper of Hepliaklqana the Forgotten
  4274 | D:6      | Found a sacrificial altar of Ru.
  4274 | D:6      | Found a burning altar of Makhleb.
  4494 | D:7      | Noticed a hornet
  4624 | D:7      | Reached skill level 8 in Shapeshifting
  4838 | D:7      | Noticed Joseph
  4852 | D:6      | Killed a hornet
  5041 | D:7      | Noticed Jeremiah
  5106 | D:7      | Killed Jeremiah
  5230 | D:7      | Reached * piety under Hepliaklqana
  5309 | D:7      | Found an iron altar of Okawaru.
  5309 | D:7      | Found a faded altar of an unknown god.
  5317 | D:7      | Found a blossoming altar of Fedhas.
  5319 | D:7      | Found a faded altar of an unknown god.
  5321 | D:7      | Found a radiant altar of Vehumet.
  5863 | D:7      | Noticed a cyclops
  5909 | D:7      | Reached XP level 10. HP: 61/61 MP: 10/10
  5920 | D:7      | Killed a cyclops
  5921 | D:7      | Reached skill level 5 in Evocations
  5921 | D:7      | Reached skill level 9 in Shapeshifting
  6031 | D:7      | Killed Joseph
  6413 | D:8      | Paralysed by a hornet for 3 turns
  6415 | D:8      | HP: 1/60 [hornet (17)]
  6416 | D:8      | Demolished by a hornet

Illustrated notes

Levels and vault maps discovered:
D:1:      eino_arrival_water_star, layout_basic
D:2:      layout_rooms, minmay_pentomino_p2
D:3:      layout_basic
D:4:      layout_rooms, enter_ossuary_3, eino_small_chamber_without_monster,
          serial_park_tiny_2
D:5:      layout_loops_ring, minmay_temple_entry_antechambers, serial_shops,
          shop, st_stairs_13
D:6:      layout_basic, cheibrodos_worm_habitat, gammafunk_temple_overflow_wave,
          st_stairs_14, uniq_eustachio
D:7:      minmay_chambers_of_fours, layout_layer_cave,
          chequers_temple_overflow_minitemple, uniq_jeremiah, uniq_joseph
D:8:      layout_gridville, enter_bailey_8, columned_hall_lemuel
Temple:   regret_index_temple_generic_petals

Skill      XL: |  1  2  3  4  5  6  7  8  9 10 |
---------------+-------------------------------+-----
Fighting       | 2 3 4 5 6 |  6.7
Shapeshifting  | 4 5 6 7 8 9 |  9.3
Unarmed Combat | 4 5 6 7 |  7.3
Throwing       | 1 2 3 |  3.0
Evocations     | 2 4 5 |  5.4
Dodging        | |  2.0

Action                     |  1- 3 |  4- 6 |  7- 9 | 10-12 || total
---------------------------+-------+-------+-------+-------++-------
  Melee: Unarmed           |    56 |    98 |   187 |    28 ||   369
         Constrict         |    15 |    26 |    49 |     8 ||    98
         Tentacles         |     8 |    20 |    59 |     6 ||    93
         Punch             |     1 |     1 |    11 |     2 ||    15
   Fire: Sling             |       |    16 |    63 |     1 ||    80
  Throw: Javelin           |       |     5 |       |       ||     5
  Evoke: Wand              |       |       |       |     1 ||     1
   Stab: Sleeping          |     9 |     7 |     4 |     1 ||    21
         Distracted        |       |       |     1 |       ||     1
         Paralysed         |       |       |       |     4 ||     4
 Armour: Skin              |    18 |    28 |    96 |    16 ||   158
  Dodge: Dodged            |    23 |    39 |   118 |    14 ||   194

Table legend: (Time is in decaauts)
 A = Elapsed time spent in this place.
 B = Non-inter-level travel time spent in this place.
 C = Inter-level travel time spent in this place.
 D = Time resting spent in this place.
 E = Time spent auto-exploring this place.
 F = Levels seen in this place.
 G = Mean time per level.
                   A        B        C        D        E       F      G
               +--------+--------+--------+--------+--------+-----+--------+
         Total |   6411 |   5884 |    527 |    396 |   4072 |  10 |  641.1 |
       Dungeon |   6075 |   5614 |    461 |    396 |   3958 |   8 |  759.4 |
        Temple |     67 |      2 |     65 |      0 |      0 |   1 |   67.0 |
       Ossuary |    267 |    267 |      0 |      0 |    114 |   1 |  267.0 |
               +--------+--------+--------+--------+--------+-----+--------+

Top non-repeatable levels by time:
     D:7: 1397 daAuts
     D:6: 1330 daAuts
     D:5: 790 daAuts
     D:1: 766 daAuts
     D:3: 656 daAuts
     D:2: 568 daAuts
     D:4: 336 daAuts
 Ossuary: 267 daAuts
     D:8: 229 daAuts
  Temple: 67 daAuts
